 Dungeon Sprint DCSS version 0.16-a0-3803-gd4b2de5 (console) character file.

5466 Monkaria the Fencer (level 10, 15/97 HPs)
             Began as a Hill Orc Fighter on Jan 26, 2015.
             Was the Champion of Makhleb.
             Quit the game in the Dungeon (Sprint IX: "|||||||||||||||||||||||||||||").
             The game lasted 00:06:41 (1594 turns).

Monkaria the Fencer (Hill Orc Fighter)              Turns: 1594, Time: 00:06:42

Health: 15/97      AC: 17    Str: 23    XL:     10   Next: 69%
Magic:  28/28      EV:  6    Int:  8    God:    Makhleb [******]
Gold:   0          SH:  8    Dex: 13    Spells: 0 memorised, 9 levels left

rFire  + . .     SeeInvis +     p - +2 scimitar (protect)
rCold  . . .     Clarity  .     b - +0 chain mail {rF+}
rNeg   . . .     SustAb   .     c - +0 shield
rPois  .         Gourm    .     w - +2 hat {SInv}
rElec  .         Spirit   .     y - +0 cloak
rCorr  .         Warding  .     q - +0 pair of gloves
rMut   .         NoTele   +     (no boots)
MR     .....                    (no amulet)
Stlth  ..........               t - +3 ring of dexterity
                                s - +2 ring of evasion

@: very heavily drained, not resistant to hostile enchantments, extremely
unstealthy
A: sense surroundings 2
a: Minor Destruction, Lesser Servant of Makhleb, Major Destruction, Greater
Servant of Makhleb, Renounce Religion


You were in the Dungeon.
You worshipped Makhleb.
Makhleb was exalted by your worship.
You were not hungry.

You visited 1 branch

Inventory:

Hand weapons
 p - a +2 scimitar of protection (weapon)
Armour
 b - a +0 chain mail of fire resistance (worn)
 c - a +0 shield (worn)
 q - a +0 pair of gloves (worn)
 w - a +2 hat of see invisible (worn)
 y - a +0 cloak (worn)
Jewellery
 s - a +2 ring of evasion (left hand)
 t - a +3 ring of dexterity (right hand)
Magical devices
 o - a wand of fire (2)
Scrolls
 k - 2 scrolls of blinking
 m - 3 scrolls of remove curse
 n - 2 scrolls of amnesia
 v - 3 scrolls of identify
 x - a scroll of recharging
Potions
 a - a potion of brilliance
 e - a potion of might
 f - 4 potions of curing
 g - a potion of heal wounds
 h - a potion of haste
 i - 4 potions of magic
 j - a potion of berserk rage
 l - a potion of invisibility
 r - 2 potions of cure mutation
Miscellaneous
 u - a crystal ball of energy
Comestibles
 d - 13 meat rations
 A - 40 fruits
 B - 11 bread rations


   Skills:
 - Level 12.2(0.0) Fighting
 - Level 17.5(0.0) Long Blades
 + Level 8.9(0.0) Armour
 - Level 3.2(0.0) Shields
 - Level 16.6(0.0) Invocations


You had 9 spell levels left.
You didn't know any spells.

Dungeon Overview and Level Annotations

Branches:
Dungeon (1/1)

Altars:
Cheibriados
Dithmenos
Elyvilon
Fedhas
Gozag
Kikubaaqudgha
Makhleb
Nemelex Xobeh
Okawaru
Qazlal
Ru
Sif Muna
Trog
Vehumet
Xom
Yredelemnul
Zin
The Shining One
Beogh
Jiyva
Lugonu

Annotations:
D Sonja


Innate Abilities, Weirdness & Mutations

You passively map the area around you.


Message History

Sonja hits you with an uncursed short sword of draining.
* * * LOW HITPOINT WARNING * * *
You feel drained.
* * * LOW HITPOINT WARNING * * *
Sonja barely misses you.
Unknown command.
You miss Sonja.
You feel yourself speed up. You block Sonja's attack.
Sonja hits you but does no damage.
You feel drained. Sonja hits you but does no damage.
You feel drained. You block Sonja's attack. Sonja hits you but does no damage.
You feel drained. Sonja completely misses you.
Sonja hits you with an uncursed short sword of draining.
* * * LOW HITPOINT WARNING * * *
You feel drained.
* * * LOW HITPOINT WARNING * * *
Sonja hits you but does no damage.
You feel drained. Sonja hits you but does no damage.
You feel drained.
Unknown command.
Are you sure you want to abandon this character and quit the game? (Confirm with "yes".)

▓<....).....†.....'
▓▓▓▓▓▓▓▓▓▓▓▓▓▓▓▓▓▓▓
▓..................
▓.▓▓▓▓▓▓▓▓▓▓▓▓▓▓▓▓▓
▓.......'.....).)..
▓▓▓▓▓▓▓▓▓▓▓▓▓▓▓▓▓▓▓
▓...K.........(.(((
▓K▓▓▓▓▓▓▓▓▓▓▓▓▓▓▓▓▓
▓.@........,,,+,,,,
▓▓▓▓▓▓▓▓▓▓▓********
*,,,,,,,,,,,,,,,,,,
*,*****************
*,,,,,,,,,+,,,,,,,,
*******************
*,,,,,,,,,,,,,,,,,,
*,*****************
*,,,,,,,,,,,,,,,+,,


You could see Sonja.

Vanquished Creatures
  Gastronok (D)
  An ugly thing (D)
  A cyclops (D)
  A spiny frog (D)
  A komodo dragon (D)
  A hippogriff (D)
  2 yaks (D)
  3 wolves (D)
  3 wargs (D)
  2 hell hounds (D)
  2 water moccasins (D)
  An orc warrior (D)
  A black bear (D)
  A giant frog (D)
  A crimson imp (D)
  A worker ant (D)
  A gnoll (D)
  A giant gecko (D)
  3 bats (D)
  A hobgoblin (D)
  A quokka (D)
  A ball python (D)
  2 giant newts (D)
  A jackal (D)
  A kobold (D)
  A rat (D)
36 creatures vanquished.

Vanquished Creatures (collateral kills)
  A hydra (D)
  An elephant (D)
  A spiny frog (D)
  A komodo dragon (D)
  A basilisk (D)
  A hippogriff (D)
  A water moccasin (D)
  A porcupine (D)
  A crocodile (D)
  2 giant frogs (D)
  A sheep (D)
  A quokka (D)
13 creatures vanquished.

Grand Total: 49 creatures vanquished

Notes
Turn   | Place    | Note
--------------------------------------------------------------
     0 | D        | Monkaria, the Hill Orc Fighter, began the quest for the Orb.
     0 | D        | Reached XP level 1. HP: 19/19 MP: 1/1
     6 | D        | Reached skill level 4 in Fighting
    96 | D        | Reached skill level 5 in Fighting
    96 | D        | Reached XP level 2. HP: 12/29 MP: 2/2
   100 | D        | Reached skill level 5 in Long Blades
   108 | D        | Found a glowing silver altar of Zin.
   108 | D        | Found a glowing golden altar of the Shining One.
   108 | D        | Found an ancient bone altar of Kikubaaqudgha.
   108 | D        | Found a basalt altar of Yredelemnul.
   108 | D        | Found a shimmering altar of Xom.
   108 | D        | Found a radiant altar of Vehumet.
   108 | D        | Found an iron altar of Okawaru.
   109 | D        | Found a burning altar of Makhleb.
   110 | D        | Found a deep blue altar of Sif Muna.
   111 | D        | Found a bloodstained altar of Trog.
   112 | D        | Found a sparkling altar of Nemelex Xobeh.
   113 | D        | Found a white marble altar of Elyvilon.
   114 | D        | Found a roughly hewn altar of Beogh.
   115 | D        | Found a viscous altar of Jiyva.
   116 | D        | Found a corrupted altar of Lugonu.
   117 | D        | Found a blossoming altar of Fedhas.
   118 | D        | Became a worshipper of Makhleb the Destroyer
   119 | D        | Found a snail-covered altar of Cheibriados.
   120 | D        | Found a shadowy altar of Dithmenos.
   121 | D        | Found a stormy altar of Qazlal.
   122 | D        | Found an opulent altar of Gozag.
   123 | D        | Found a sacrificial altar of Ru.
   317 | D        | Noticed an orc warrior
   317 | D        | Noticed a crimson imp
   317 | D        | Noticed a black bear
   321 | D        | Killed an orc warrior
   321 | D        | Acquired Makhleb's first power
   321 | D        | Reached skill level 7 in Fighting
   321 | D        | Reached skill level 8 in Long Blades
   321 | D        | Reached XP level 3. HP: 19/39 MP: 3/3
   321 | D        | Reached XP level 4. HP: 22/47 MP: 4/4
   321 | D        | Reached XP level 5. HP: 24/52 MP: 5/5
   327 | D        | Killed a black bear
   327 | D        | Reached skill level 9 in Fighting
   327 | D        | Reached skill level 10 in Long Blades
   327 | D        | Reached XP level 6. HP: 37/63 MP: 6/6
   331 | D        | Acquired Makhleb's second power
   343 | D        | Killed a crimson imp
   343 | D        | Reached skill level 11 in Long Blades
   467 | D        | Noticed a komodo dragon
   467 | D        | Noticed a giant frog
   467 | D        | Noticed a worker ant
   467 | D        | Noticed a green ugly thing
   467 | D        | Noticed a cyclops
   467 | D        | Noticed a yak
   469 | D        | Killed a giant frog
   470 | D        | Killed a worker ant
   470 | D        | Acquired Makhleb's third power
   470 | D        | Reached skill level 10 in Fighting
   470 | D        | Reached skill level 12 in Long Blades
   473 | D        | Killed a komodo dragon
   473 | D        | Reached skill level 13 in Long Blades
   473 | D        | Reached XP level 7. HP: 44/74 MP: 7/7
   478 | D        | Killed a green ugly thing
   478 | D        | Reached skill level 14 in Long Blades
   478 | D        | Reached XP level 8. HP: 48/83 MP: 8/8
   483 | D        | HP: 4/83 [cyclops (20)]
   489 | D        | Killed a cyclops
   489 | D        | Acquired Makhleb's fourth power
   489 | D        | Reached skill level 16 in Long Blades
   513 | D        | Killed a yak
   682 | D        | Gained mutation: You passively map a small area around you. [mutagenic meat]
   683 | D        | Gained mutation: You have large cloven feet. [mutagenic meat]
   684 | D        | Gained mutation: You passively map the area around you. [mutagenic meat]
   685 | D        | Lost mutation: You have large cloven feet. [mutagenic meat]
   791 | D        | Noticed a hippogriff
   791 | D        | Noticed a yak
   791 | D        | Noticed a spiny frog
   791 | D        | Noticed a water moccasin
   791 | D        | Noticed a water moccasin
   791 | D        | Noticed a four-headed hydra
   791 | D        | Noticed a giant frog
   798 | D        | Noticed a porcupine
   798 | D        | Killed a hippogriff
   798 | D        | Reached skill level 5 in Invocations
   799 | D        | Noticed a spiny frog
   806 | D        | Killed a yak
   806 | D        | Reached XP level 9. HP: 90/90 MP: 8/20
   815 | D        | Killed a spiny frog
   815 | D        | Acquired Makhleb's fifth power
   815 | D        | Reached skill level 10 in Invocations
   820 | D        | Killed a water moccasin
   827 | D        | Killed a water moccasin
   832 | D        | Killed a four-headed hydra
   832 | D        | Killed a giant frog
   833 | D        | Killed a porcupine
   835 | D        | Killed a spiny frog
   996 | D        | Noticed a giant frog
   996 | D        | Noticed a water moccasin
   996 | D        | Noticed a komodo dragon
   996 | D        | Noticed a basilisk
   996 | D        | Noticed a hippogriff
   997 | D        | Killed a giant frog
   998 | D        | Killed a water moccasin
   999 | D        | Killed a komodo dragon
  1001 | D        | Killed a basilisk
  1001 | D        | Reached skill level 15 in Invocations
  1002 | D        | Noticed an elephant
  1002 | D        | Noticed a crocodile
  1003 | D        | Killed a hippogriff
  1004 | D        | Killed an elephant
  1004 | D        | Reached XP level 10. HP: 80/97 MP: 26/28
  1005 | D        | Killed a crocodile
  1071 | D        | Noticed a wolf
  1071 | D        | Noticed a warg
  1071 | D        | Noticed a warg
  1071 | D        | Noticed a hell hound
  1072 | D        | Noticed a warg
  1076 | D        | Noticed a hell hound
  1077 | D        | Noticed a wolf
  1079 | D        | Killed a warg
  1083 | D        | Noticed a wolf
  1084 | D        | Killed a warg
  1096 | D        | Killed a hell hound
  1103 | D        | Killed a warg
  1122 | D        | Killed a hell hound
  1131 | D        | Killed a wolf
  1131 | D        | Reached skill level 17 in Long Blades
  1140 | D        | Killed a wolf
  1145 | D        | Killed a wolf
  1238 | D        | Noticed Gastronok
  1262 | D        | Killed Gastronok
  1531 | D        | Noticed Sonja
  1594 | D        | Quit the game

Action                   |  1- 3 |  4- 6 |  7- 9 | 10-12 || total
-------------------------+-------+-------+-------+-------++-------
Melee: Long sword        |    27 |       |       |       ||    27
       Scimitar          |     2 |    18 |    53 |   122 ||   195
Invok: Greater Servant o |       |       |     1 |       ||     1
Evoke: Wand              |     2 |     3 |       |       ||     5
  Use: Potion            |       |       |     3 |     3 ||     6
       Scroll            |       |       |       |     3 ||     3
  Eat: Chunk             |       |       |     5 |       ||     5
       Bread ration      |       |       |       |     1 ||     1
